[ AOE2 MATCH · #477584047 ]
UnrankedMaya vs Franks
[ REPLAY ANALYSIS · EXTRACTED FROM THE RECORDED GAME ]
Feudal
16:03
Castle
21:57
Imperial
38:16
| APM avg | 17.6 |
| APM peak | 49 |
| eAPM avg | 9.2 |
| Villagers / military | 87 / 154 |
Focus
⚔️ 27.4% · 🌾 72.6%
Plumed Archer ×135 · Trade Cart ×24 · Trebuchet (Packed) ×14 · Fishing Ship ×11 · Monk ×3 · Demolition Raft ×2
Feudal
13:59
Castle
24:17
Imperial
33:21
| APM avg | 10.3 |
| APM peak | 52 |
| eAPM avg | 8.6 |
| Villagers / military | 117 / 141 |
Focus
⚔️ 36.6% · 🌾 63.4%
Knight ×132 · Trade Cart ×18 · Throwing Axeman ×6 · Mangonel ×2 · Monk ×1
Feudal
16:44
Castle
22:11
Imperial
33:57
| APM avg | 25.7 |
| APM peak | 100 |
| eAPM avg | 13.2 |
| Villagers / military | 87 / 378 |
Focus
⚔️ 25.2% · 🌾 74.8%
Berserk ×347 · Trade Cart ×29 · Spearman ×25 · Fishing Ship ×14 · Trebuchet (Packed) ×4 · Monk ×1
Feudal
16:57
Castle
27:54
Imperial
42:23
| APM avg | 11.1 |
| APM peak | 40 |
| eAPM avg | 9.9 |
| Villagers / military | 84 / 249 |
Focus
⚔️ 47.2% · 🌾 52.8%
Spearman ×163 · Skirmisher ×38 · Woad Raider ×25 · Mangonel ×20 · Trade Cart ×12 · Fishing Ship ×4
Feudal
16:11
Castle
21:00
Imperial
43:17
| APM avg | 18.0 |
| APM peak | 127 |
| eAPM avg | 11.6 |
| Villagers / military | 94 / 49 |
Focus
⚔️ 36.0% · 🌾 64.0%
Unknown (1944) ×230 · Unknown (1952) ×45 · Trade Cart ×33 · Unknown (1942) ×20 · Unknown (1949) ×17 · Spearman ×16
Feudal
13:34
Castle
23:45
Imperial
34:17
| APM avg | 16.2 |
| APM peak | 46 |
| eAPM avg | 12.5 |
| Villagers / military | 128 / 235 |
Focus
⚔️ 25.8% · 🌾 74.2%
Knight ×104 · Boyar ×61 · Scout Cavalry ×37 · Trade Cart ×21 · Spearman ×11 · Militia ×10
Feudal
16:37
Castle
24:24
Imperial
40:04
| APM avg | 19.2 |
| APM peak | 47 |
| eAPM avg | 10.8 |
| Villagers / military | 115 / 521 |
Focus
⚔️ 31.8% · 🌾 68.2%
Monaspa ×474 · Knight ×30 · Trade Cart ×24 · Hand Cannoneer ×16 · Monk ×1
Feudal
11:22
Castle
21:09
Imperial
39:12
| APM avg | 28.3 |
| APM peak | 101 |
| eAPM avg | 14.5 |
| Villagers / military | 102 / 364 |
Focus
⚔️ 52.4% · 🌾 47.6%
Cataphract ×150 · Scout Cavalry ×129 · Knight ×84 · Trade Cart ×13 · Fishing Ship ×8 · Camel Scout ×1
Match map
Initial resources + every placement click. Lines = walls · curves = elevation contours. ◆ gold · ⬟ stone · ● berries · ✦ relic · ◌ wall gap
Your base· ✓ Closed at 21:57 · 15t walls · no gate
DeVinci_Qc's base· ✓ Closed at 24:17 · 75t walls · 3 gate(s)
Bushido0's base· ✓ Closed at 22:11 · 44t walls · no gate
young bulvės's base· ✓ Closed at 27:54 · 22t walls · 1 gate(s)
Samson's base· ✓ Closed at 21:00 · 52t walls · 1 gate(s)
Nabican's base· ✓ Closed at 23:45 · 40t walls · no gate
Astro's base· ✓ Closed at 24:24 · 20t walls · no gate
J. CENA's base· ✓ Closed at 21:09 · 0t walls · no gate
Smoothed initial terrain · ◌ = detected wall gap · hover for details
Inputs per minute
— niksa123 - - DeVinci_Qc
Build order — niksa123
First 150 of 316 actions detected
| 0:18 | Build | House |
| 0:19 | Queue | Villager (Male) |
| 0:19 | Queue | Villager (Male) |
| 0:19 | Queue | Villager (Male) |
| 0:19 | Queue | Villager (Male) |
| 1:22 | Build | Palisade Wall |
| 2:15 | Build | House |
| 2:16 | Queue | Villager (Male) |
| 2:17 | Queue | Villager (Male) |
| 2:40 | Build | House |
| 2:41 | Build | House |
| 2:42 | Build | House |
| 2:45 | Build | House |
| 2:48 | Queue | Villager (Male) |
| 3:19 | Queue | Villager (Male) |
| 3:19 | Queue | Villager (Male) |
| 3:46 | Queue | Villager (Male) |
| 3:46 | Queue | Villager (Male) |
| 4:06 | Queue | Villager (Male) |
| 4:06 | Queue | Villager (Male) |
| 4:31 | Queue | Villager (Male) |
| 5:02 | Queue | Villager (Male) |
| 5:03 | Queue | Villager (Male) |
| 5:03 | Queue | Villager (Male) |
| 5:29 | Queue | Villager (Male) |
| 5:29 | Queue | Villager (Male) |
| 5:30 | Queue | Villager (Male) |
| 6:38 | Build | Lumber Camp |
| 6:48 | Queue | Villager (Male) |
| 6:48 | Queue | Villager (Male) |
| 6:48 | Queue | Villager (Male) |
| 6:49 | Queue | Villager (Male) |
| 8:20 | Queue | Villager (Male) |
| 8:20 | Queue | Villager (Male) |
| 8:20 | Queue | Villager (Male) |
| 8:21 | Queue | Villager (Male) |
| 9:49 | Build | Dock |
| 9:52 | Build | Dock |
| 10:04 | Queue | Villager (Male) |
| 10:04 | Queue | Villager (Male) |
| 10:05 | Queue | Villager (Male) |
| 10:45 | Queue | Fishing Ship |
| 11:03 | Build | Mill |
| 11:13 | Queue | Villager (Male) |
| 11:38 | Build | Mining Camp |
| 11:52 | Queue | Villager (Male) |
| 11:52 | Queue | Villager (Male) |
| 11:52 | Queue | Villager (Male) |
| 11:54 | Queue | Villager (Male) |
| 11:57 | Queue | Fishing Ship |
| 12:46 | Build | House |
| 13:10 | Queue | Fishing Ship |
| 13:11 | Queue | Fishing Ship |
| 13:20 | Build | House |
| 13:53 | Research | Feudal Age |
| 15:02 | Queue | Fishing Ship |
| 15:04 | Queue | Fishing Ship |
| 15:57 | Build | Farm |
| 15:58 | Build | Farm |
| 15:58 | Build | Farm |
| 15:59 | Build | Farm |
| 15:59 | Build | Farm |
| 15:59 | Build | Farm |
| 16:00 | Build | Farm |
| 16:03 | Age | Feudal Age |
| 16:08 | Build | Farm |
| 16:11 | Research | Wheelbarrow |
| 16:23 | Build | Market |
| 16:31 | Research | Tech 906 |
| 16:34 | Research | Double-Bit Axe |
| 16:42 | Build | Mining Camp |
| 16:45 | Research | Stone Mining |
| 16:51 | Build | Blacksmith |
| 17:08 | Research | Horse Collar |
| 17:19 | Build | Farm |
| 17:31 | Build | Mill |
| 18:11 | Queue | Demolition Raft |
| 18:11 | Queue | Demolition Raft |
| 18:54 | Build | Fish Trap |
| 18:56 | Build | Fish Trap |
| 19:04 | Queue | Fishing Ship |
| 19:07 | Queue | Fishing Ship |
| 19:09 | Build | Fish Trap |
| 19:11 | Build | Fish Trap |
| 19:17 | Research | Castle Age |
| 19:18 | Research | Castle Age |
| 19:53 | Build | Fish Trap |
| 19:55 | Build | Fish Trap |
| 19:56 | Build | Fish Trap |
| 19:58 | Build | Fish Trap |
| 20:07 | Queue | Fishing Ship |
| 20:09 | Queue | Fishing Ship |
| 20:53 | Build | Fish Trap |
| 20:55 | Build | Fish Trap |
| 21:00 | Queue | Fishing Ship |
| 21:47 | Build | Fish Trap |
| 21:57 | Age | Castle Age |
| 22:01 | Build | Town Center |
| 22:03 | Queue | Villager (Male) ×5 |
| 22:10 | Build | House |
| 22:35 | Build | House |
| 22:36 | Build | House |
| 22:37 | Build | House |
| 22:50 | Queue | Villager (Male) ×5 |
| 22:57 | Research | Gillnets |
| 23:34 | Build | Town Center |
| 23:49 | Research | Bow Saw |
| 24:06 | Build | House |
| 24:07 | Build | House |
| 24:10 | Build | House |
| 24:26 | Research | Gold Mining |
| 24:39 | Queue | Villager (Male) |
| 24:39 | Queue | Villager (Male) |
| 24:39 | Queue | Villager (Male) |
| 24:40 | Queue | Villager (Male) |
| 24:40 | Queue | Villager (Male) |
| 24:43 | Queue | Villager (Male) |
| 24:43 | Queue | Villager (Male) |
| 24:44 | Queue | Villager (Male) |
| 24:44 | Queue | Villager (Male) |
| 24:44 | Queue | Villager (Male) |
| 24:45 | Queue | Villager (Male) |
| 24:56 | Queue | Villager (Male) ×5 |
| 25:01 | Queue | Villager (Male) |
| 25:21 | Build | Gate |
| 25:42 | Build | House |
| 25:43 | Build | House |
| 25:44 | Build | House |
| 25:52 | Build | Mining Camp |
| 26:31 | Build | Town Center |
| 26:38 | Research | Heavy Plow |
| 26:58 | Research | Stone Shaft Mining |
| 27:31 | Build | Market |
| 27:32 | Build | Market |
| 27:40 | Build | Market |
| 27:54 | Build | Stone Wall |
| 27:59 | Queue | Villager (Male) ×5 |
| 28:30 | Research | Hand Cart |
| 28:30 | Research | Town Watch |
| 28:31 | Research | Loom |
| 28:38 | Build | Stone Wall |
| 28:48 | Build | Farm |
| 28:49 | Build | Farm |
| 28:51 | Build | Farm |
| 28:52 | Build | Farm |
| 28:53 | Build | Farm |
| 29:10 | Queue | Villager (Male) ×5 |
| 29:12 | Queue | Villager (Male) |
| 29:23 | Build | Castle |
| 29:34 | Build | Farm |
Build order — DeVinci_Qc
First 150 of 471 actions detected
| 0:03 | Queue | Villager (Male) |
| 0:04 | Research | Loom |
| 0:10 | Build | House |
| 0:11 | Build | House |
| 0:21 | Queue | Villager (Male) |
| 0:21 | Queue | Villager (Male) |
| 0:21 | Queue | Villager (Male) |
| 0:22 | Queue | Villager (Male) |
| 0:22 | Research | Loom |
| 1:41 | Queue | Villager (Male) |
| 1:41 | Queue | Villager (Male) |
| 2:12 | Queue | Villager (Male) |
| 2:12 | Queue | Villager (Male) |
| 3:05 | Queue | Villager (Male) |
| 3:05 | Queue | Villager (Male) |
| 3:47 | Queue | Villager (Male) |
| 3:47 | Queue | Villager (Male) |
| 4:04 | Build | Palisade Wall |
| 4:29 | Build | House |
| 4:30 | Build | House |
| 4:32 | Queue | Villager (Male) |
| 5:02 | Build | Palisade Wall |
| 5:17 | Queue | Villager (Male) |
| 5:17 | Queue | Villager (Male) |
| 5:17 | Queue | Villager (Male) |
| 5:42 | Queue | Villager (Male) |
| 5:43 | Queue | Villager (Male) |
| 6:13 | Queue | Villager (Male) |
| 6:35 | Build | Palisade Wall |
| 6:56 | Queue | Villager (Male) |
| 6:57 | Queue | Villager (Male) |
| 7:03 | Build | Mill |
| 7:05 | Queue | Villager (Male) |
| 7:27 | Build | Lumber Camp |
| 7:49 | Queue | Villager (Male) |
| 7:50 | Queue | Villager (Male) |
| 8:36 | Queue | Villager (Male) |
| 8:36 | Queue | Villager (Male) |
| 8:47 | Build | Mill |
| 8:57 | Queue | Villager (Male) |
| 9:49 | Build | Palisade Wall |
| 10:06 | Queue | Villager (Male) |
| 10:27 | Queue | Villager (Male) |
| 10:37 | Build | Mining Camp |
| 10:51 | Build | House |
| 10:53 | Build | House |
| 10:55 | Build | House |
| 11:49 | Research | Feudal Age |
| 12:39 | Build | Mill |
| 13:23 | Build | Mining Camp |
| 13:59 | Age | Feudal Age |
| 14:04 | Queue | Villager (Male) |
| 14:05 | Queue | Villager (Male) |
| 14:07 | Research | Double-Bit Axe |
| 14:28 | Build | Stone Wall |
| 14:35 | Build | Gate |
| 14:49 | Build | Stone Wall |
| 14:52 | Build | Gate |
| 15:02 | Queue | Villager (Male) |
| 15:02 | Queue | Villager (Male) |
| 15:35 | Build | Farm |
| 15:38 | Queue | Villager (Male) |
| 15:38 | Queue | Villager (Male) |
| 15:56 | Build | Farm |
| 16:15 | Queue | Villager (Male) |
| 16:19 | Build | Farm |
| 16:37 | Build | Stone Wall |
| 16:47 | Build | Farm |
| 16:50 | Queue | Villager (Male) |
| 16:50 | Queue | Villager (Male) |
| 17:04 | Build | Farm |
| 17:09 | Build | Farm |
| 17:14 | Queue | Villager (Male) |
| 17:16 | Queue | Villager (Male) |
| 17:17 | Research | Wheelbarrow |
| 17:30 | Build | Stone Wall |
| 17:41 | Build | Farm |
| 18:10 | Build | Stone Wall |
| 18:16 | Build | Farm |
| 18:26 | Build | Farm |
| 19:11 | Build | Market |
| 19:19 | Build | Blacksmith |
| 19:28 | Build | Stone Wall |
| 19:54 | Build | Barracks |
| 20:04 | Build | Gate |
| 20:12 | Queue | Villager (Male) |
| 20:12 | Queue | Villager (Male) |
| 20:12 | Queue | Villager (Male) |
| 20:19 | Research | Gold Mining |
| 20:20 | Research | Stone Mining |
| 21:05 | Build | Stable |
| 21:37 | Research | Castle Age |
| 22:00 | Build | House |
| 22:01 | Build | House |
| 22:02 | Build | House |
| 23:49 | Build | House |
| 23:50 | Build | House |
| 23:59 | Queue | Villager (Male) |
| 24:17 | Age | Castle Age |
| 24:26 | Build | Town Center |
| 24:28 | Research | Bow Saw |
| 24:38 | Research | Gold Shaft Mining |
| 24:42 | Queue | Trade Cart |
| 24:49 | Build | Town Center |
| 24:51 | Queue | Villager (Male) |
| 24:52 | Queue | Villager (Male) |
| 25:12 | Build | Stone Wall |
| 25:15 | Build | Gate |
| 25:21 | Queue | Villager (Male) |
| 25:21 | Queue | Villager (Male) |
| 25:33 | Queue | Villager (Male) |
| 25:34 | Queue | Villager (Male) |
| 26:00 | Research | Hand Cart |
| 26:14 | Queue | Villager (Male) |
| 26:40 | Queue | Villager (Male) |
| 26:40 | Queue | Villager (Male) |
| 26:52 | Queue | Villager (Male) |
| 26:53 | Queue | Villager (Male) |
| 26:59 | Queue | Villager (Male) |
| 26:59 | Queue | Villager (Male) |
| 27:11 | Build | Stone Wall |
| 27:19 | Build | Farm |
| 27:25 | Build | Farm |
| 27:26 | Build | Farm |
| 27:30 | Queue | Villager (Male) |
| 27:30 | Queue | Villager (Male) |
| 27:34 | Build | Farm |
| 27:37 | Queue | Villager (Male) |
| 27:41 | Queue | Villager (Male) |
| 27:42 | Queue | Villager (Male) |
| 27:51 | Build | Farm |
| 27:53 | Build | Farm |
| 28:03 | Build | Farm |
| 28:08 | Queue | Villager (Male) |
| 28:08 | Queue | Villager (Male) |
| 28:16 | Build | Farm |
| 28:18 | Build | Farm |
| 28:21 | Queue | Villager (Male) |
| 28:28 | Build | Farm |
| 28:54 | Build | University |
| 29:03 | Build | Monastery |
| 29:05 | Build | Farm |
| 29:07 | Build | Farm |
| 29:09 | Queue | Villager (Male) |
| 29:10 | Queue | Villager (Male) |
| 29:14 | Queue | Villager (Male) |
| 29:15 | Queue | Villager (Male) |
| 29:20 | Build | Farm |
| 29:33 | Build | Stone Wall |
| 29:53 | Build | Farm |
Build order — Bushido0
First 150 of 417 actions detected
| 0:02 | Build | House |
| 0:04 | Build | House |
| 0:04 | Queue | Villager (Male) |
| 0:05 | Queue | Villager (Male) |
| 0:05 | Queue | Villager (Male) |
| 0:05 | Queue | Villager (Male) |
| 1:19 | Build | Palisade Wall |
| 1:41 | Queue | Villager (Male) |
| 2:10 | Research | Loom |
| 2:37 | Queue | Villager (Male) |
| 2:46 | Queue | Villager (Male) |
| 3:21 | Queue | Villager (Male) |
| 3:44 | Queue | Villager (Male) |
| 4:31 | Queue | Villager (Male) |
| 4:31 | Queue | Villager (Male) |
| 4:54 | Build | House |
| 4:56 | Queue | Villager (Male) |
| 5:13 | Build | Palisade Wall |
| 5:47 | Queue | Villager (Male) |
| 5:48 | Queue | Villager (Male) |
| 5:57 | Build | Palisade Wall |
| 6:17 | Build | Mill |
| 6:33 | Build | House |
| 6:44 | Build | Palisade Wall |
| 7:03 | Queue | Villager (Male) |
| 7:04 | Queue | Villager (Male) |
| 7:04 | Queue | Villager (Male) |
| 7:24 | Build | Palisade Wall |
| 7:30 | Build | House |
| 7:34 | Build | House |
| 7:39 | Build | House |
| 7:43 | Build | House |
| 7:49 | Queue | Villager (Male) |
| 8:19 | Build | Lumber Camp |
| 8:47 | Build | House |
| 8:58 | Queue | Villager (Male) |
| 8:58 | Queue | Villager (Male) |
| 9:00 | Queue | Villager (Male) |
| 10:18 | Queue | Villager (Male) |
| 10:18 | Queue | Villager (Male) |
| 10:55 | Build | Mining Camp |
| 11:11 | Queue | Villager (Male) |
| 11:11 | Queue | Villager (Male) |
| 11:46 | Queue | Villager (Male) |
| 11:47 | Queue | Villager (Male) |
| 12:30 | Queue | Villager (Male) |
| 12:54 | Queue | Villager (Male) |
| 13:24 | Build | Mining Camp |
| 13:25 | Queue | Villager (Male) |
| 13:39 | Research | Feudal Age |
| 14:09 | Queue | Villager (Male) |
| 14:10 | Research | Feudal Age |
| 15:01 | Build | Mill |
| 16:22 | Queue | Villager (Male) |
| 16:22 | Queue | Villager (Male) |
| 16:44 | Age | Feudal Age |
| 16:48 | Build | Market |
| 16:51 | Build | Blacksmith |
| 17:13 | Queue | Villager (Male) |
| 17:32 | Build | Dock |
| 18:04 | Build | Farm |
| 18:06 | Queue | Villager (Male) |
| 18:12 | Build | House |
| 18:15 | Queue | Fishing Ship |
| 18:15 | Queue | Fishing Ship |
| 18:29 | Build | House |
| 18:32 | Queue | Villager (Male) |
| 18:34 | Build | Farm |
| 18:51 | Build | House |
| 18:56 | Queue | Villager (Male) |
| 18:59 | Build | Farm |
| 19:05 | Queue | Fishing Ship |
| 19:23 | Build | House |
| 19:27 | Build | Farm |
| 19:31 | Research | Castle Age |
| 19:48 | Build | Stone Wall |
| 19:54 | Build | House |
| 20:08 | Build | House |
| 20:32 | Build | House |
| 20:36 | Research | Horse Collar |
| 20:41 | Research | Double-Bit Axe |
| 20:49 | Build | House |
| 21:06 | Build | House |
| 21:14 | Queue | Fishing Ship |
| 21:15 | Queue | Fishing Ship |
| 21:25 | Build | House |
| 21:46 | Build | Farm |
| 21:56 | Build | Stone Wall |
| 22:00 | Build | Farm |
| 22:11 | Age | Castle Age |
| 22:15 | Build | Town Center |
| 22:29 | Build | Town Center |
| 22:31 | Queue | Villager (Male) |
| 22:32 | Queue | Villager (Male) |
| 22:35 | Research | Heavy Plow |
| 22:46 | Build | Castle |
| 22:55 | Build | Monastery |
| 23:13 | Build | Farm |
| 23:25 | Build | Outpost |
| 23:33 | Build | Farm |
| 23:41 | Queue | Villager (Male) |
| 23:41 | Queue | Villager (Male) |
| 23:43 | Queue | Villager (Male) |
| 23:44 | Queue | Villager (Male) |
| 23:51 | Build | House |
| 23:56 | Queue | Monk |
| 24:08 | Queue | Villager (Male) |
| 24:10 | Queue | Villager (Male) |
| 24:13 | Queue | Villager (Male) |
| 24:13 | Queue | Villager (Male) |
| 24:18 | Research | Bow Saw |
| 24:22 | Build | House |
| 24:40 | Build | Fish Trap |
| 24:46 | Queue | Villager (Male) |
| 24:46 | Queue | Villager (Male) |
| 24:47 | Queue | Villager (Male) |
| 24:50 | Queue | Villager (Male) |
| 24:57 | Build | House |
| 25:05 | Research | Gold Mining |
| 25:12 | Queue | Villager (Male) |
| 25:21 | Queue | Fishing Ship |
| 25:21 | Queue | Fishing Ship |
| 25:26 | Research | Tech 906 |
| 25:31 | Build | House |
| 25:42 | Queue | Villager (Male) |
| 25:51 | Build | Farm |
| 25:57 | Queue | Villager (Male) |
| 26:05 | Build | Fish Trap |
| 26:14 | Build | House |
| 26:17 | Queue | Villager (Male) |
| 26:18 | Queue | Villager (Male) |
| 26:26 | Queue | Villager (Male) |
| 26:27 | Queue | Villager (Male) |
| 26:30 | Build | Farm |
| 26:48 | Build | Fish Trap |
| 26:52 | Build | House |
| 26:57 | Build | Farm |
| 26:59 | Queue | Villager (Male) |
| 27:00 | Queue | Villager (Male) |
| 27:05 | Queue | Villager (Male) |
| 27:15 | Queue | Villager (Male) |
| 27:22 | Build | Farm |
| 27:28 | Build | House |
| 27:40 | Build | Farm |
| 27:45 | Build | Farm |
| 27:47 | Build | Farm |
| 27:53 | Build | Fish Trap |
| 27:57 | Build | Fish Trap |
| 27:59 | Build | Fish Trap |
| 28:00 | Build | Fish Trap |
Build order — young bulvės
First 150 of 497 actions detected
| 0:47 | Queue | Villager (Male) |
| 0:47 | Queue | Villager (Male) |
| 0:47 | Queue | Villager (Male) |
| 0:48 | Queue | Villager (Male) |
| 0:48 | Queue | Villager (Male) |
| 1:14 | Build | Palisade Wall |
| 2:06 | Build | Palisade Wall |
| 2:31 | Build | Palisade Wall |
| 3:03 | Build | House |
| 3:15 | Build | Palisade Wall |
| 3:40 | Build | Palisade Wall |
| 3:57 | Build | Palisade Wall |
| 4:46 | Build | House |
| 6:00 | Build | Mill |
| 6:08 | Queue | Villager (Male) |
| 6:08 | Queue | Villager (Male) |
| 6:52 | Queue | Villager (Male) |
| 6:52 | Queue | Villager (Male) |
| 8:11 | Queue | Villager (Male) |
| 8:12 | Queue | Villager (Male) |
| 8:12 | Queue | Villager (Male) |
| 8:54 | Build | House |
| 8:56 | Build | House |
| 9:31 | Queue | Villager (Male) |
| 9:31 | Queue | Villager (Male) |
| 9:31 | Queue | Villager (Male) |
| 10:08 | Build | House |
| 10:20 | Queue | Villager (Male) |
| 10:21 | Queue | Villager (Male) |
| 10:42 | Build | House |
| 11:06 | Queue | Villager (Male) |
| 11:06 | Queue | Villager (Male) |
| 11:24 | Build | Lumber Camp |
| 11:52 | Build | House |
| 12:17 | Build | House |
| 12:35 | Build | House |
| 12:43 | Queue | Villager (Male) |
| 12:43 | Queue | Villager (Male) |
| 13:25 | Build | Dock |
| 13:36 | Queue | Villager (Male) |
| 13:36 | Queue | Villager (Male) |
| 13:54 | Build | Mining Camp |
| 14:32 | Build | Mill |
| 14:47 | Research | Feudal Age |
| 15:38 | Queue | Fishing Ship |
| 15:38 | Queue | Fishing Ship |
| 15:38 | Queue | Fishing Ship |
| 16:44 | Build | Barracks |
| 16:57 | Age | Feudal Age |
| 17:06 | Research | Horse Collar |
| 17:10 | Research | Double-Bit Axe |
| 17:13 | Research | Town Watch |
| 17:15 | Queue | Villager (Male) |
| 17:51 | Build | Stone Wall |
| 17:57 | Build | Stone Wall |
| 18:03 | Build | Gate |
| 18:09 | Build | Stone Wall |
| 18:42 | Build | Stable |
| 19:13 | Queue | Villager (Male) |
| 19:14 | Queue | Villager (Male) |
| 19:35 | Build | Market |
| 19:52 | Build | Stable |
| 20:02 | Research | Wheelbarrow |
| 20:07 | Queue | Fishing Ship |
| 20:39 | Queue | Villager (Male) |
| 20:39 | Queue | Villager (Male) |
| 20:59 | Build | Fish Trap |
| 21:04 | Build | Fish Trap |
| 21:10 | Build | Fish Trap |
| 21:15 | Build | Fish Trap |
| 21:25 | Build | House |
| 22:11 | Build | Mining Camp |
| 23:29 | Build | Mining Camp |
| 23:34 | Queue | Villager (Male) |
| 23:34 | Queue | Villager (Male) |
| 23:34 | Queue | Villager (Male) |
| 24:03 | Build | Farm |
| 24:21 | Build | Blacksmith |
| 24:43 | Build | Farm |
| 24:49 | Queue | Villager (Male) |
| 25:05 | Research | Castle Age |
| 25:09 | Build | Farm |
| 25:18 | Build | Farm |
| 25:34 | Build | Farm |
| 25:49 | Queue | Trade Cart |
| 25:49 | Queue | Trade Cart |
| 25:50 | Queue | Trade Cart |
| 25:50 | Queue | Trade Cart |
| 26:25 | Research | Forging |
| 26:28 | Research | Scale Barding Armor |
| 26:49 | Research | Gold Mining |
| 27:37 | Research | Padded Archer Armor |
| 27:39 | Research | Fletching |
| 27:50 | Build | Archery Range |
| 27:53 | Build | Archery Range |
| 27:54 | Age | Castle Age |
| 28:25 | Build | Town Center |
| 28:32 | Research | Bow Saw |
| 28:58 | Research | Heavy Plow |
| 29:03 | Research | Town Patrol |
| 29:47 | Build | Stone Wall |
| 29:57 | Research | Gambesons |
| 30:15 | Research | Hand Cart |
| 30:18 | Queue | Villager (Male) |
| 30:18 | Queue | Villager (Male) |
| 30:28 | Queue | Villager (Male) |
| 30:48 | Queue | Villager (Male) |
| 30:48 | Queue | Villager (Male) |
| 30:48 | Queue | Villager (Male) |
| 30:49 | Queue | Villager (Male) |
| 31:08 | Build | Watch Tower |
| 31:36 | Queue | Villager (Male) |
| 31:36 | Queue | Villager (Male) |
| 31:36 | Queue | Villager (Male) |
| 31:47 | Queue | Trade Cart |
| 31:47 | Queue | Trade Cart |
| 31:53 | Build | Farm |
| 32:19 | Build | University |
| 32:25 | Build | Farm |
| 32:29 | Queue | Villager (Male) |
| 32:29 | Queue | Villager (Male) |
| 32:32 | Queue | Villager (Male) |
| 32:52 | Build | Monastery |
| 33:03 | Build | Farm |
| 33:08 | Queue | Villager (Male) |
| 33:09 | Queue | Villager (Male) |
| 33:59 | Build | Mining Camp |
| 34:07 | Build | Farm |
| 34:11 | Queue | Villager (Male) |
| 34:11 | Queue | Villager (Male) |
| 34:14 | Queue | Villager (Male) |
| 34:15 | Queue | Villager (Male) |
| 34:15 | Queue | Villager (Male) |
| 34:19 | Build | Farm |
| 34:23 | Build | Farm |
| 34:25 | Build | Farm |
| 34:34 | Build | House |
| 34:36 | Build | House |
| 34:37 | Build | House |
| 34:41 | Queue | Monk |
| 35:00 | Research | Gold Shaft Mining |
| 35:04 | Build | Farm |
| 35:07 | Build | Farm |
| 35:16 | Queue | Villager (Male) |
| 35:17 | Queue | Villager (Male) |
| 35:21 | Queue | Villager (Male) |
| 35:21 | Queue | Villager (Male) |
| 35:27 | Research | Caravan |
| 35:30 | Queue | Trade Cart |
| 35:30 | Queue | Trade Cart |
Build order — Samson
First 150 of 380 actions detected
| 0:06 | Queue | Villager (Male) |
| 0:07 | Research | Loom |
| 0:35 | Build | House |
| 0:54 | Build | Palisade Wall |
| 1:05 | Build | Palisade Wall |
| 2:21 | Build | Palisade Wall |
| 2:21 | Build | Palisade Wall |
| 2:35 | Queue | Villager (Male) ×3 |
| 3:31 | Build | Palisade Wall |
| 4:36 | Queue | Villager (Male) |
| 4:36 | Queue | Villager (Male) |
| 4:43 | Build | House |
| 4:46 | Build | House |
| 4:49 | Build | House |
| 5:29 | Build | Lumber Camp |
| 5:34 | Queue | Villager (Male) |
| 7:00 | Queue | Villager (Male) ×3 |
| 7:41 | Queue | Villager (Male) |
| 8:33 | Build | Mill |
| 8:36 | Queue | Villager (Male) |
| 9:05 | Queue | Villager (Male) |
| 9:23 | Queue | Villager (Male) |
| 9:23 | Queue | Villager (Male) |
| 9:24 | Queue | Villager (Male) |
| 9:46 | Queue | Villager (Male) |
| 10:21 | Queue | Villager (Male) |
| 10:21 | Queue | Villager (Male) |
| 11:06 | Build | Mill |
| 11:14 | Queue | Villager (Male) |
| 11:14 | Queue | Villager (Male) |
| 11:42 | Queue | Villager (Male) |
| 12:25 | Queue | Villager (Male) |
| 12:26 | Queue | Villager (Male) |
| 12:38 | Build | House |
| 12:40 | Build | House |
| 12:41 | Build | House |
| 13:01 | Build | Farm |
| 13:36 | Build | Palisade Wall |
| 13:41 | Build | Palisade Wall |
| 14:01 | Research | Feudal Age |
| 15:01 | Build | Mining Camp |
| 16:11 | Age | Feudal Age |
| 16:38 | Build | Market |
| 16:45 | Build | Blacksmith |
| 17:06 | Build | Gate |
| 17:11 | Build | Stone Wall |
| 17:15 | Build | Stone Wall |
| 17:30 | Queue | Villager (Male) |
| 17:30 | Queue | Villager (Male) |
| 17:30 | Queue | Villager (Male) |
| 17:56 | Build | Lumber Camp |
| 18:13 | Research | Castle Age |
| 18:39 | Queue | Trade Cart |
| 19:20 | Build | Stone Wall |
| 19:24 | Build | Gate |
| 20:44 | Research | Horse Collar |
| 21:00 | Age | Castle Age |
| 21:05 | Queue | Villager (Male) |
| 21:34 | Build | Town Center |
| 21:42 | Queue | Villager (Male) |
| 22:27 | Build | Barracks |
| 22:34 | Queue | Villager (Male) |
| 22:37 | Queue | Villager (Male) |
| 22:52 | Build | Farm |
| 22:54 | Build | Farm |
| 22:56 | Build | Farm |
| 22:57 | Build | Farm |
| 22:58 | Build | Farm |
| 23:03 | Build | Farm |
| 23:11 | Research | Heavy Plow |
| 23:24 | Research | Double-Bit Axe |
| 24:17 | Build | Farm |
| 24:20 | Queue | Villager (Male) ×3 |
| 24:46 | Build | Monastery |
| 25:12 | Build | House |
| 25:13 | Build | House |
| 25:21 | Build | Farm |
| 25:23 | Queue | Villager (Male) ×5 |
| 25:33 | Build | House |
| 25:35 | Build | House |
| 25:41 | Build | Farm |
| 25:43 | Build | Farm |
| 25:45 | Build | Farm |
| 25:50 | Build | Farm |
| 26:04 | Build | Farm |
| 26:06 | Build | Farm |
| 26:13 | Build | Farm |
| 26:20 | Build | House |
| 26:24 | Build | House |
| 26:25 | Build | House |
| 26:34 | Queue | Villager (Male) ×5 |
| 26:39 | Queue | Monk |
| 26:55 | Queue | Spearman |
| 27:02 | Research | Bow Saw |
| 27:30 | Build | Outpost |
| 27:38 | Build | Outpost |
| 27:41 | Build | Outpost |
| 27:52 | Build | Outpost |
| 28:21 | Research | Stone Mining |
| 28:31 | Build | Town Center |
| 28:45 | Queue | Villager (Male) ×5 |
| 28:47 | Queue | Villager (Male) ×5 |
| 29:34 | Research | Gold Mining |
| 30:39 | Queue | Villager (Male) ×5 |
| 30:53 | Build | Stable |
| 30:57 | Build | Archery Range |
| 31:04 | Build | Siege Workshop |
| 31:09 | Build | Stable |
| 31:14 | Build | Stable |
| 31:16 | Build | Stable |
| 31:18 | Build | Stable |
| 31:21 | Build | Stable |
| 31:47 | Build | Gate |
| 32:04 | Queue | Villager (Male) ×5 |
| 32:06 | Queue | Villager (Male) ×5 |
| 32:24 | Research | Bloodlines |
| 32:49 | Build | Farm |
| 32:50 | Build | Farm |
| 32:52 | Build | Farm |
| 32:53 | Build | Farm |
| 32:56 | Build | Farm |
| 33:00 | Build | Farm |
| 33:01 | Build | Farm |
| 33:06 | Build | Farm |
| 33:24 | Build | House |
| 33:26 | Build | House |
| 33:33 | Build | House |
| 33:36 | Build | House |
| 33:41 | Build | House |
| 33:48 | Research | Town Watch |
| 33:52 | Research | Wheelbarrow |
| 34:00 | Research | Scale Barding Armor |
| 34:01 | Research | Forging |
| 34:04 | Research | Caravan |
| 34:07 | Queue | Trade Cart ×5 |
| 34:08 | Queue | Trade Cart ×5 |
| 34:42 | Research | Husbandry |
| 34:48 | Research | Light Cavalry (upgrade) |
| 34:52 | Queue | Mangonel |
| 35:21 | Build | Farm |
| 35:26 | Build | Farm |
| 35:30 | Queue | Villager (Male) ×5 |
| 35:56 | Queue | Villager (Male) ×5 |
| 36:02 | Queue | Unit 1944 ×3 |
| 36:09 | Queue | Unit 1944 ×2 |
| 36:14 | Queue | Unit 1944 |
| 36:26 | Build | House |
| 36:28 | Build | House |
| 36:31 | Build | House |
| 36:55 | Build | Castle |
Build order — Nabican
First 150 of 460 actions detected
| 0:04 | Build | House |
| 0:10 | Build | House |
| 0:11 | Queue | Villager (Male) |
| 0:12 | Queue | Villager (Male) |
| 0:12 | Queue | Villager (Male) |
| 0:12 | Queue | Villager (Male) |
| 0:12 | Queue | Villager (Male) |
| 1:51 | Queue | Villager (Male) |
| 1:51 | Queue | Villager (Male) |
| 2:10 | Queue | Villager (Male) |
| 2:10 | Queue | Villager (Male) |
| 2:26 | Build | Palisade Wall |
| 2:41 | Queue | Villager (Male) |
| 2:58 | Queue | Villager (Male) |
| 3:48 | Queue | Villager (Male) |
| 3:48 | Queue | Villager (Male) |
| 3:48 | Queue | Villager (Male) |
| 3:56 | Queue | Villager (Male) |
| 3:56 | Queue | Villager (Male) |
| 4:25 | Queue | Villager (Male) |
| 4:26 | Queue | Villager (Male) |
| 4:29 | Queue | Villager (Male) |
| 4:30 | Queue | Villager (Male) |
| 4:43 | Build | House |
| 5:47 | Build | Mill |
| 5:57 | Queue | Villager (Male) |
| 5:58 | Queue | Villager (Male) |
| 5:58 | Queue | Villager (Male) |
| 5:58 | Queue | Villager (Male) |
| 6:20 | Queue | Villager (Male) |
| 7:35 | Build | House |
| 7:48 | Build | Palisade Wall |
| 8:26 | Build | House |
| 9:11 | Build | Lumber Camp |
| 9:19 | Queue | Villager (Male) |
| 9:19 | Queue | Villager (Male) |
| 9:19 | Queue | Villager (Male) |
| 9:20 | Queue | Villager (Male) |
| 9:23 | Research | Loom |
| 10:04 | Research | Feudal Age |
| 11:01 | Build | Palisade Wall |
| 11:15 | Build | Barracks |
| 11:22 | Queue | Villager (Male) |
| 11:37 | Build | Mining Camp |
| 13:02 | Queue | Villager (Male) |
| 13:04 | Queue | Villager (Male) |
| 13:11 | Queue | Militia |
| 13:13 | Queue | Militia |
| 13:34 | Age | Feudal Age |
| 13:55 | Research | Town Watch |
| 14:05 | Build | Farm |
| 14:06 | Build | Farm |
| 14:07 | Build | Farm |
| 14:08 | Build | Farm |
| 14:09 | Build | Farm |
| 14:14 | Build | Market |
| 14:29 | Build | Farm |
| 14:33 | Build | Farm |
| 14:45 | Research | Double-Bit Axe |
| 15:03 | Build | Farm |
| 15:25 | Build | Blacksmith |
| 15:50 | Queue | Villager (Male) |
| 15:50 | Queue | Villager (Male) |
| 15:50 | Queue | Villager (Male) |
| 15:50 | Queue | Villager (Male) |
| 15:51 | Queue | Villager (Male) |
| 16:01 | Build | House |
| 16:10 | Research | Gold Mining |
| 16:15 | Queue | Villager (Male) |
| 16:20 | Build | Farm |
| 16:41 | Build | Farm |
| 16:47 | Build | Farm |
| 16:51 | Research | Wheelbarrow |
| 16:57 | Queue | Villager (Male) |
| 16:57 | Queue | Villager (Male) |
| 16:57 | Queue | Villager (Male) |
| 16:57 | Queue | Villager (Male) |
| 16:58 | Queue | Villager (Male) |
| 17:17 | Build | Farm |
| 17:40 | Research | Horse Collar |
| 18:06 | Queue | Villager (Male) |
| 18:08 | Queue | Villager (Male) |
| 18:17 | Queue | Villager (Male) |
| 18:29 | Queue | Villager (Male) |
| 18:39 | Build | Farm |
| 18:53 | Queue | Villager (Male) |
| 19:15 | Build | Farm |
| 19:23 | Build | Farm |
| 19:33 | Build | Farm |
| 19:36 | Queue | Villager (Male) |
| 19:56 | Build | Farm |
| 20:09 | Build | House |
| 20:46 | Build | Farm |
| 20:47 | Research | Castle Age |
| 20:55 | Research | Man-at-Arms (upgrade) |
| 21:22 | Build | Mining Camp |
| 21:47 | Research | Forging |
| 21:50 | Queue | Militia |
| 21:51 | Queue | Spearman |
| 21:52 | Queue | Militia |
| 21:52 | Queue | Spearman |
| 22:01 | Research | Stone Mining |
| 22:29 | Research | Scale Mail Armor |
| 22:38 | Build | House |
| 22:53 | Queue | Militia |
| 22:54 | Queue | Spearman |
| 23:02 | Build | House |
| 23:29 | Build | Stable |
| 23:43 | Queue | Militia |
| 23:44 | Queue | Spearman |
| 23:45 | Age | Castle Age |
| 23:47 | Research | Hand Cart |
| 23:49 | Research | Town Patrol |
| 24:36 | Build | Town Center |
| 24:45 | Research | Gold Shaft Mining |
| 24:57 | Queue | Villager (Male) |
| 24:57 | Queue | Villager (Male) |
| 24:57 | Queue | Villager (Male) |
| 24:57 | Queue | Villager (Male) |
| 25:40 | Queue | Villager (Male) |
| 25:40 | Queue | Villager (Male) |
| 25:41 | Queue | Villager (Male) |
| 25:41 | Queue | Villager (Male) |
| 25:44 | Queue | Villager (Male) |
| 26:06 | Queue | Villager (Male) |
| 26:08 | Queue | Villager (Male) |
| 26:24 | Build | Monastery |
| 26:57 | Queue | Monk |
| 27:00 | Queue | Villager (Male) |
| 27:09 | Build | Farm |
| 27:13 | Queue | Villager (Male) |
| 27:35 | Build | University |
| 27:54 | Build | House |
| 28:13 | Build | Farm |
| 28:19 | Queue | Villager (Male) |
| 28:32 | Research | Iron Casting |
| 28:35 | Research | Long Swordsman (upgrade) |
| 28:37 | Research | Pikeman (upgrade) |
| 28:38 | Research | Squires |
| 28:48 | Build | Farm |
| 29:00 | Build | House |
| 29:05 | Research | Caravan |
| 29:05 | Research | Coinage |
| 29:17 | Queue | Villager (Male) |
| 29:17 | Queue | Villager (Male) |
| 29:17 | Queue | Villager (Male) |
| 29:19 | Queue | Villager (Male) |
| 29:20 | Queue | Villager (Male) |
| 29:20 | Queue | Villager (Male) |
| 30:14 | Build | Farm |
Build order — Astro
First 150 of 427 actions detected
| 0:07 | Build | House |
| 0:08 | Build | House |
| 0:09 | Build | House |
| 0:14 | Queue | Villager (Male) |
| 0:15 | Queue | Villager (Male) |
| 0:15 | Queue | Villager (Male) |
| 0:15 | Queue | Villager (Male) |
| 0:15 | Queue | Villager (Male) |
| 0:15 | Queue | Villager (Male) |
| 1:28 | Build | Palisade Wall |
| 2:07 | Queue | Villager (Male) |
| 2:07 | Queue | Villager (Male) |
| 3:06 | Build | Palisade Wall |
| 3:38 | Queue | Villager (Male) |
| 3:38 | Queue | Villager (Male) |
| 3:38 | Queue | Villager (Male) |
| 4:07 | Queue | Villager (Male) |
| 4:31 | Queue | Villager (Male) |
| 4:31 | Queue | Villager (Male) |
| 4:43 | Build | Outpost |
| 4:59 | Queue | Villager (Male) |
| 5:22 | Queue | Villager (Male) |
| 5:22 | Queue | Villager (Male) |
| 6:00 | Queue | Villager (Male) |
| 6:02 | Queue | Villager (Male) |
| 6:37 | Queue | Villager (Male) |
| 6:39 | Queue | Villager (Male) |
| 7:01 | Queue | Villager (Male) |
| 7:02 | Queue | Villager (Male) |
| 8:31 | Build | Palisade Wall |
| 9:17 | Queue | Villager (Male) |
| 9:18 | Queue | Villager (Male) |
| 9:33 | Build | Mill |
| 10:36 | Queue | Villager (Male) |
| 10:36 | Queue | Villager (Male) |
| 10:42 | Build | House |
| 10:42 | Build | House |
| 10:43 | Build | House |
| 10:44 | Build | House |
| 12:39 | Build | Palisade Wall |
| 12:40 | Build | Palisade Wall |
| 12:49 | Build | Farm |
| 13:36 | Build | Palisade Wall |
| 13:43 | Build | Palisade Wall |
| 13:54 | Build | House |
| 13:56 | Build | House |
| 13:59 | Build | House |
| 14:02 | Build | House |
| 14:09 | Build | House |
| 14:11 | Build | House |
| 14:13 | Build | House |
| 14:15 | Build | House |
| 14:16 | Build | House |
| 14:27 | Research | Feudal Age |
| 15:33 | Build | House |
| 15:49 | Queue | Villager (Male) |
| 15:49 | Queue | Villager (Male) |
| 15:50 | Queue | Villager (Male) |
| 15:50 | Queue | Villager (Male) |
| 16:37 | Age | Feudal Age |
| 16:47 | Build | Farm |
| 16:48 | Build | Farm |
| 16:49 | Build | Farm |
| 16:51 | Build | Farm |
| 16:52 | Build | Farm |
| 16:53 | Build | Farm |
| 16:54 | Build | Farm |
| 16:55 | Build | Farm |
| 16:57 | Build | Farm |
| 17:01 | Queue | Villager (Male) |
| 17:01 | Queue | Villager (Male) |
| 17:01 | Queue | Villager (Male) |
| 17:03 | Research | Wheelbarrow |
| 17:05 | Build | Farm |
| 17:32 | Build | Mule Cart |
| 18:20 | Research | Horse Collar |
| 18:23 | Research | Double-Bit Axe |
| 18:49 | Build | Farm |
| 19:15 | Build | Blacksmith |
| 19:20 | Build | Market |
| 20:44 | Build | Mule Cart |
| 21:44 | Research | Castle Age |
| 22:18 | Build | Barracks |
| 22:31 | Queue | Villager (Male) |
| 22:32 | Queue | Villager (Male) |
| 22:32 | Queue | Villager (Male) |
| 22:32 | Queue | Villager (Male) |
| 23:47 | Build | Barracks |
| 23:52 | Build | Barracks |
| 24:10 | Build | Barracks |
| 24:24 | Age | Castle Age |
| 24:26 | Research | Gold Mining |
| 24:30 | Research | Bow Saw |
| 25:09 | Build | Town Center |
| 25:31 | Build | Town Center |
| 25:47 | Queue | Villager (Male) |
| 25:47 | Queue | Villager (Male) |
| 25:48 | Queue | Villager (Male) |
| 25:59 | Build | Archery Range |
| 26:01 | Build | Archery Range |
| 26:02 | Build | Archery Range |
| 26:07 | Build | Archery Range |
| 26:14 | Queue | Villager (Male) |
| 26:14 | Queue | Villager (Male) |
| 26:14 | Queue | Villager (Male) |
| 26:15 | Queue | Villager (Male) |
| 26:15 | Queue | Villager (Male) |
| 26:29 | Research | Stone Mining |
| 26:41 | Build | Farm |
| 26:42 | Build | Farm |
| 26:43 | Queue | Villager (Male) |
| 26:44 | Queue | Villager (Male) |
| 26:52 | Research | Squires |
| 26:55 | Research | Gambesons |
| 26:58 | Research | Man-at-Arms (upgrade) |
| 27:08 | Build | Archery Range |
| 27:10 | Build | Archery Range |
| 27:16 | Queue | Villager (Male) |
| 27:17 | Queue | Villager (Male) |
| 27:17 | Queue | Villager (Male) |
| 27:23 | Build | Farm |
| 27:34 | Build | Farm |
| 27:46 | Build | Farm |
| 27:53 | Queue | Villager (Male) |
| 27:54 | Queue | Villager (Male) |
| 28:00 | Queue | Villager (Male) |
| 28:00 | Queue | Villager (Male) |
| 28:09 | Build | Farm |
| 28:13 | Build | Farm |
| 28:23 | Build | Farm |
| 28:27 | Queue | Villager (Male) |
| 28:27 | Queue | Villager (Male) |
| 29:00 | Build | Farm |
| 29:10 | Queue | Villager (Male) |
| 29:11 | Queue | Villager (Male) |
| 29:11 | Queue | Villager (Male) |
| 29:13 | Queue | Villager (Male) |
| 29:14 | Queue | Villager (Male) |
| 29:26 | Build | Farm |
| 29:28 | Queue | Villager (Male) |
| 29:28 | Queue | Villager (Male) |
| 29:28 | Queue | Villager (Male) |
| 29:39 | Build | Farm |
| 29:45 | Queue | Villager (Male) |
| 29:45 | Queue | Villager (Male) |
| 29:58 | Build | Farm |
| 30:04 | Build | Farm |
| 30:17 | Build | Archery Range |
| 30:21 | Research | Long Swordsman (upgrade) |
| 30:30 | Build | Farm |
Build order — J. CENA
First 150 of 669 actions detected
| 0:12 | Build | House |
| 0:16 | Build | House |
| 0:25 | Queue | Villager (Male) |
| 0:25 | Queue | Villager (Male) |
| 0:25 | Queue | Villager (Male) |
| 0:25 | Queue | Villager (Male) |
| 0:26 | Queue | Villager (Male) |
| 0:26 | Queue | Villager (Male) |
| 0:28 | Research | Loom |
| 2:16 | Build | Lumber Camp |
| 2:21 | Queue | Villager (Male) |
| 2:21 | Queue | Villager (Male) |
| 3:32 | Queue | Villager (Male) |
| 3:32 | Queue | Villager (Male) |
| 3:32 | Queue | Villager (Male) |
| 4:31 | Queue | Villager (Male) |
| 4:31 | Queue | Villager (Male) |
| 4:31 | Queue | Villager (Male) |
| 4:51 | Build | House |
| 6:28 | Queue | Villager (Male) |
| 6:40 | Queue | Villager (Male) |
| 7:14 | Build | Mill |
| 7:25 | Build | Mill |
| 7:30 | Queue | Villager (Male) |
| 7:43 | Build | House |
| 7:45 | Build | House |
| 8:18 | Queue | Villager (Male) |
| 8:52 | Queue | Villager (Male) |
| 9:12 | Research | Feudal Age |
| 9:13 | Research | Feudal Age |
| 9:38 | Build | Mill |
| 10:59 | Queue | Villager (Male) |
| 10:59 | Queue | Villager (Male) |
| 10:59 | Queue | Villager (Male) |
| 11:22 | Age | Feudal Age |
| 11:31 | Queue | Villager (Male) |
| 11:38 | Research | Double-Bit Axe |
| 11:38 | Research | Double-Bit Axe |
| 11:55 | Build | Mining Camp |
| 13:14 | Research | Gold Mining |
| 13:18 | Queue | Villager (Male) |
| 13:19 | Queue | Villager (Male) |
| 13:49 | Queue | Villager (Male) |
| 14:04 | Queue | Villager (Male) |
| 14:19 | Build | Lumber Camp |
| 14:34 | Build | Dock |
| 14:41 | Queue | Villager (Male) |
| 14:41 | Queue | Villager (Male) |
| 15:03 | Build | Market |
| 15:22 | Build | Farm |
| 15:24 | Build | Farm |
| 15:35 | Build | House |
| 15:42 | Queue | Villager (Male) |
| 15:53 | Build | Farm |
| 15:55 | Build | Farm |
| 16:17 | Build | House |
| 16:33 | Build | Farm |
| 16:42 | Build | Farm |
| 16:44 | Build | Farm |
| 16:46 | Build | Farm |
| 16:59 | Research | Wheelbarrow |
| 17:34 | Build | Blacksmith |
| 18:29 | Research | Castle Age |
| 18:30 | Research | Castle Age |
| 18:39 | Build | House |
| 18:43 | Build | House |
| 18:48 | Research | Horse Collar |
| 18:54 | Queue | Fishing Ship |
| 18:54 | Queue | Fishing Ship |
| 19:09 | Queue | Fishing Ship |
| 19:09 | Queue | Fishing Ship |
| 20:01 | Build | Barracks |
| 20:18 | Research | Scale Barding Armor |
| 21:09 | Age | Castle Age |
| 21:11 | Research | Bow Saw |
| 21:11 | Research | Bow Saw |
| 21:22 | Build | Town Center |
| 21:31 | Queue | Villager (Male) |
| 21:32 | Queue | Villager (Male) |
| 21:32 | Queue | Villager (Male) |
| 21:56 | Build | Town Center |
| 22:47 | Queue | Villager (Male) |
| 22:48 | Queue | Villager (Male) |
| 22:48 | Queue | Villager (Male) |
| 22:48 | Queue | Villager (Male) |
| 22:53 | Queue | Villager (Male) |
| 22:53 | Queue | Villager (Male) |
| 22:53 | Queue | Villager (Male) |
| 22:54 | Queue | Villager (Male) |
| 22:54 | Queue | Villager (Male) |
| 23:13 | Build | Stable |
| 23:25 | Queue | Villager (Male) |
| 23:25 | Queue | Villager (Male) |
| 23:26 | Queue | Villager (Male) |
| 23:37 | Queue | Villager (Male) |
| 23:38 | Queue | Villager (Male) |
| 23:38 | Queue | Villager (Male) |
| 23:38 | Queue | Villager (Male) |
| 23:38 | Queue | Villager (Male) |
| 24:07 | Build | Farm |
| 24:09 | Build | Farm |
| 24:10 | Build | Farm |
| 24:11 | Build | Farm |
| 24:12 | Build | Farm |
| 24:13 | Build | Farm |
| 24:22 | Queue | Villager (Male) |
| 24:23 | Queue | Villager (Male) |
| 24:23 | Queue | Villager (Male) |
| 24:23 | Queue | Villager (Male) |
| 24:28 | Queue | Fishing Ship |
| 24:30 | Queue | Fishing Ship |
| 24:47 | Build | Stable |
| 24:57 | Queue | Fishing Ship |
| 24:58 | Queue | Fishing Ship |
| 25:14 | Queue | Villager (Male) |
| 25:14 | Queue | Villager (Male) |
| 25:14 | Queue | Villager (Male) |
| 25:15 | Queue | Villager (Male) |
| 25:15 | Queue | Villager (Male) |
| 25:15 | Queue | Villager (Male) |
| 25:36 | Build | Farm |
| 25:39 | Build | Farm |
| 25:40 | Build | Farm |
| 25:42 | Build | Farm |
| 25:44 | Build | Farm |
| 25:46 | Build | Farm |
| 25:49 | Build | Farm |
| 25:52 | Build | Farm |
| 25:53 | Build | Farm |
| 26:07 | Build | Farm |
| 26:29 | Queue | Villager (Male) |
| 26:30 | Queue | Villager (Male) |
| 26:30 | Queue | Villager (Male) |
| 26:30 | Queue | Villager (Male) |
| 26:31 | Queue | Villager (Male) |
| 26:31 | Queue | Villager (Male) |
| 26:31 | Queue | Villager (Male) |
| 26:31 | Queue | Villager (Male) |
| 26:54 | Build | Lumber Camp |
| 27:03 | Queue | Villager (Male) |
| 27:04 | Queue | Villager (Male) |
| 27:04 | Queue | Villager (Male) |
| 27:04 | Queue | Villager (Male) |
| 27:04 | Queue | Villager (Male) |
| 27:05 | Queue | Villager (Male) |
| 27:13 | Build | House |
| 27:17 | Build | House |
| 27:20 | Research | Husbandry |
| 27:41 | Queue | Villager (Male) |
| 27:41 | Queue | Villager (Male) |
Match timeline
| 0:54 | Samson · wall_segment Palisade Wall x10 |
| 1:05 | Samson · wall_segment Palisade Wall x8 |
| 1:14 | young bulvės · wall_segment Palisade Wall x7 |
| 1:19 | Bushido0 · wall_segment Palisade Wall x7 |
| 1:22 | niksa123 · wall_segment Palisade Wall x15 |
| 1:28 | Astro · wall_segment Palisade Wall x10 |
| 2:06 | young bulvės · wall_segment Palisade Wall x1 |
| 2:21 | Samson · wall_segment Palisade Wall x5 |
| 2:21 | Samson · wall_segment Palisade Wall x4 |
| 2:26 | Nabican · wall_segment Palisade Wall x14 |
| 2:31 | young bulvės · wall_segment Palisade Wall x6 |
| 3:06 | Astro · wall_segment Palisade Wall x1 |
| 3:15 | young bulvės · wall_segment Palisade Wall x1 |
| 3:31 | Samson · wall_segment Palisade Wall x8 |
| 3:40 | young bulvės · wall_segment Palisade Wall x1 |
| 3:57 | young bulvės · wall_segment Palisade Wall x1 |
| 4:04 | DeVinci_Qc · wall_segment Palisade Wall x11 |
| 5:02 | DeVinci_Qc · wall_segment Palisade Wall x1 |
| 5:13 | Bushido0 · wall_segment Palisade Wall x7 |
| 5:57 | Bushido0 · wall_segment Palisade Wall x7 |
| 6:35 | DeVinci_Qc · wall_segment Palisade Wall x5 |
| 6:44 | Bushido0 · wall_segment Palisade Wall x8 |
| 7:24 | Bushido0 · wall_segment Palisade Wall x1 |
| 7:48 | Nabican · wall_segment Palisade Wall x16 |
| 8:31 | Astro · wall_segment Palisade Wall x9 |
| 9:49 | niksa123 · first_building Dock |
| 9:49 | DeVinci_Qc · wall_segment Palisade Wall x6 |
| 11:01 | Nabican · wall_segment Palisade Wall x10 |
| 11:15 | Nabican · first_building Barracks |
| 11:22 | J. CENA · age_up feudal |
| 12:39 | Astro · wall_segment Palisade Wall x1 |
| 12:40 | Astro · wall_segment Palisade Wall x1 |
| 13:25 | young bulvės · first_building Dock |
| 13:34 | Nabican · age_up feudal |
| 13:36 | Astro · wall_segment Palisade Wall x1 |
| 13:36 | Samson · wall_segment Palisade Wall x4 |
| 13:41 | Samson · wall_segment Palisade Wall x6 |
| 13:43 | Astro · wall_segment Palisade Wall x1 |
| 13:59 | DeVinci_Qc · age_up feudal |
| 14:28 | DeVinci_Qc · wall_segment Stone Wall x12 |
| 14:34 | J. CENA · first_building Dock |
| 14:49 | DeVinci_Qc · wall_segment Stone Wall x19 |
| 15:06 | Nabican · first_market_buy 100 wood |
| 16:03 | niksa123 · age_up feudal |
| 16:11 | Samson · age_up feudal |
| 16:37 | DeVinci_Qc · wall_segment Stone Wall x3 |
| 16:37 | Astro · age_up feudal |
| 16:44 | young bulvės · first_building Barracks |
| 16:44 | Bushido0 · age_up feudal |
| 16:57 | young bulvės · age_up feudal |
| 17:07 | J. CENA · first_market_buy 100 food |
| 17:11 | Samson · wall_segment Stone Wall x1 |
| 17:15 | Samson · wall_segment Stone Wall x4 |
| 17:30 | DeVinci_Qc · wall_segment Stone Wall x5 |
| 17:32 | Bushido0 · first_building Dock |
| 17:51 | young bulvės · wall_segment Stone Wall x1 |
| 17:57 | young bulvės · wall_segment Stone Wall x4 |
| 18:09 | young bulvės · wall_segment Stone Wall x1 |
| 18:10 | DeVinci_Qc · wall_segment Stone Wall x5 |
| 18:42 | young bulvės · first_building Stable |
| 19:20 | Samson · wall_segment Stone Wall x8 |
| 19:28 | DeVinci_Qc · wall_segment Stone Wall x10 |
| 19:48 | Bushido0 · wall_segment Stone Wall x7 |
| 19:54 | DeVinci_Qc · first_building Barracks |
| 20:01 | J. CENA · first_building Barracks |
| 21:00 | Samson · age_up castle |
| 21:05 | DeVinci_Qc · first_building Stable |
| 21:09 | J. CENA · age_up castle |
| 21:56 | Bushido0 · wall_segment Stone Wall x7 |
| 21:57 | niksa123 · age_up castle |
| 22:11 | Bushido0 · age_up castle |
| 22:18 | Astro · first_building Barracks |
| 22:27 | Samson · first_building Barracks |
| 22:46 | Bushido0 · first_building Castle |
| 22:55 | Bushido0 · first_building Monastery |
| 23:13 | J. CENA · first_building Stable |
| 23:29 | Nabican · first_building Stable |
| 23:45 | Nabican · age_up castle |
| 24:17 | DeVinci_Qc · age_up castle |
| 24:24 | Astro · age_up castle |
| 24:46 | Samson · first_building Monastery |
| 24:58 | young bulvės · first_market_buy 100 food |
| 25:12 | DeVinci_Qc · wall_segment Stone Wall x12 |
| 25:59 | Astro · first_building Archery Range |
| 26:24 | Nabican · first_building Monastery |
| 27:11 | DeVinci_Qc · wall_segment Stone Wall x7 |
| 27:50 | young bulvės · first_building Archery Range |
| 27:54 | young bulvės · age_up castle |
| 27:54 | niksa123 · wall_segment Stone Wall x5 |
| 28:06 | Astro · first_market_buy 100 wood |
| 28:38 | niksa123 · wall_segment Stone Wall x7 |
| 29:03 | DeVinci_Qc · first_building Monastery |
| 29:23 | niksa123 · first_building Castle |
| 29:33 | DeVinci_Qc · wall_segment Stone Wall x11 |
| 29:47 | young bulvės · wall_segment Stone Wall x6 |
| 30:03 | niksa123 · first_building Monastery |
| 30:53 | Samson · first_building Stable |
| 30:57 | Samson · first_building Archery Range |
| 31:04 | Samson · first_building Siege Workshop |
| 31:15 | Astro · first_building Stable |
| 31:53 | Nabican · first_market_sell 100 stone |
| 31:54 | DeVinci_Qc · first_building Castle |
| 32:26 | Nabican · first_building Castle |
| 32:41 | J. CENA · first_building Castle |
| 32:44 | Astro · first_building Monastery |
| 32:52 | young bulvės · first_building Monastery |
| 33:21 | DeVinci_Qc · age_up imperial |
| 33:57 | Bushido0 · age_up imperial |
| 34:17 | Nabican · age_up imperial |
| 34:21 | DeVinci_Qc · wall_segment Stone Wall x5 |
| 35:09 | Nabican · first_building Siege Workshop |
| 35:18 | J. CENA · first_building Monastery |
| 35:50 | DeVinci_Qc · wall_segment Stone Wall x7 |
| 36:55 | Samson · first_building Castle |
| 37:58 | niksa123 · first_market_buy 100 stone |
| 38:16 | niksa123 · age_up imperial |
| 39:12 | J. CENA · age_up imperial |
| 39:34 | young bulvės · first_building Castle |
| 40:04 | Astro · age_up imperial |
| 40:06 | DeVinci_Qc · wall_segment Stone Wall x22 |
| 40:24 | DeVinci_Qc · first_building Siege Workshop |
| 40:26 | niksa123 · first_building Barracks |
| 41:15 | niksa123 · first_building Archery Range |
| 41:30 | Astro · first_building Castle |
| 42:23 | young bulvės · age_up imperial |
| 42:28 | DeVinci_Qc · wall_segment Stone Wall x20 |
| 42:32 | niksa123 · first_building Siege Workshop |
| 42:55 | Bushido0 · first_building Barracks |
| 43:09 | young bulvės · first_building Siege Workshop |
| 43:17 | Samson · age_up imperial |
| 43:50 | DeVinci_Qc · wall_segment Stone Wall x12 |
| 43:50 | niksa123 · tribute_sent a jugador 2 |
| 43:50 | niksa123 · tribute_sent a jugador 3 |
| 43:50 | niksa123 · tribute_sent a jugador 4 |
| 43:50 | niksa123 · tribute_sent a jugador 5 |
| 43:50 | niksa123 · tribute_sent a jugador 6 |
| 43:50 | niksa123 · tribute_sent a jugador 7 |
| 43:50 | niksa123 · tribute_sent a jugador 8 |
| 46:40 | DeVinci_Qc · wall_segment Stone Wall x2 |
| 47:24 | Astro · first_market_sell 500 wood |
| 47:48 | niksa123 · tribute_sent a jugador 2 |
| 47:48 | niksa123 · tribute_sent a jugador 3 |
| 47:48 | niksa123 · tribute_sent a jugador 4 |
| 47:48 | niksa123 · tribute_sent a jugador 5 |
| 47:48 | niksa123 · tribute_sent a jugador 6 |
| 47:48 | niksa123 · tribute_sent a jugador 7 |
| 47:48 | niksa123 · tribute_sent a jugador 8 |
| 48:03 | Bushido0 · first_building Stable |
| 51:22 | DeVinci_Qc · wall_segment Stone Wall x22 |
| 51:55 | Samson · wall_segment Stone Wall x11 |
| 55:51 | DeVinci_Qc · resign |
| 60:00 | Bushido0 · tribute_sent a jugador 1 |
| 60:00 | Bushido0 · tribute_sent a jugador 2 |
| 60:00 | Bushido0 · tribute_sent a jugador 4 |
| 60:00 | Bushido0 · tribute_sent a jugador 5 |
| 60:00 | Bushido0 · tribute_sent a jugador 6 |
| 60:00 | Bushido0 · tribute_sent a jugador 7 |
| 60:00 | Bushido0 · tribute_sent a jugador 8 |
| 60:06 | Astro · tribute_sent a jugador 1 |
| 60:06 | Astro · tribute_sent a jugador 2 |
| 60:06 | Astro · tribute_sent a jugador 3 |
| 60:06 | Astro · tribute_sent a jugador 4 |
| 60:06 | Astro · tribute_sent a jugador 5 |
| 60:06 | Astro · tribute_sent a jugador 6 |
| 60:06 | Astro · tribute_sent a jugador 8 |
| 60:23 | Bushido0 · tribute_sent a jugador 1 |
| 60:23 | Bushido0 · tribute_sent a jugador 2 |
| 60:23 | Bushido0 · tribute_sent a jugador 4 |
| 60:23 | Bushido0 · tribute_sent a jugador 5 |
| 60:23 | Bushido0 · tribute_sent a jugador 6 |
| 60:23 | Bushido0 · tribute_sent a jugador 7 |
| 60:23 | Bushido0 · tribute_sent a jugador 8 |
| 60:41 | J. CENA · wall_segment Stone Wall x5 |
| 61:58 | J. CENA · wall_segment Stone Wall x1 |
| 63:04 | J. CENA · wall_segment Stone Wall x4 |
| 69:36 | Samson · wall_segment Stone Wall x13 |
| 71:29 | Samson · first_market_buy 100 stone |
[ AI ANALYSIS · 1 CREDIT ]
What really happened in this match?
Wolo.gg analyzes every decision: build order, eco, micro, common mistakes by bracket. Personalized analysis on WhatsApp or Discord in 30 seconds.
Civ guide
Maya
Perfil
Jugador #2065400